 Dungeon Crawl Stone Soup version 0.24.1-14-gf8d2b509d9 (webtiles) character file.

Game seed: 8316197192946635232, levelgen mode: deterministic

1166 KlarStein the Slasher (level 8, -1/62 HPs)
             Began as a Demonspawn Berserker on Dec 9, 2020.
             Was a Priest of Trog.
             Killed from afar by an orc wizard (4 damage)
             ... with a puff of flame
             ... on level 6 of the Dungeon.
             The game lasted 00:16:13 (4390 turns).

KlarStein the Slasher (Demonspawn Berserker)        Turns: 4390, Time: 00:16:14

Health: -1/62      AC:  9    Str: 18    XL:     8   Next: 17%
Magic:  8/8        EV: 13    Int:  8    God:    Trog [***...]
Gold:   140        SH:  0    Dex: 17    Spells: 7/7 levels left

rFire    + . .     SeeInvis .   u - +2 great sword
rCold    + . .     Gourm    .   (shield currently unavailable)
rNeg     . . .     Faith    .   v - +0 ring mail
rPois    .         Spirit   .   (helmet restricted)
rElec    .         Reflect  .   o - +1 cloak
rCorr    .         Harm     .   (no gloves)
MR       .....                  h - +0 pair of boots
Stlth    +.........             (no amulet)
HPRegen  0.20/turn              d - ring of protection from fire
MPRegen  0.11/turn              (no ring)

@: berserk cooldown, slowed, very slow
A: antennae 1, thin skeletal structure 1, cold resistance 1, spiny 2
a: Berserk, Trog's Hand, Renounce Religion


You were on level 6 of the Dungeon.
You worshipped Trog.
Trog was most pleased with you.
You were very hungry.

You visited 2 branches of the dungeon, and saw 7 of its levels.

You collected 230 gold pieces.
You spent 90 gold pieces at shops.

Inventory:

Hand Weapons
 a - a +1 falchion
 u - a +2 great sword (weapon)
Armour
 h - a +0 pair of boots (worn)
 o - a +1 cloak (worn)
 v - a +0 ring mail (worn)
 x - a +0 plate armour of cold resistance
Jewellery
 d - a ring of protection from fire (left hand)
 m - an uncursed amulet of harm
 t - an uncursed amulet of faith {unknown}
Scrolls
 f - 4 scrolls of teleportation
 i - 3 scrolls of remove curse
 n - 2 scrolls of identify
 q - 2 scrolls of immolation
 s - a scroll of enchant armour
Potions
 b - 2 potions of cancellation
 e - a potion of haste {unknown}
 g - a potion of degeneration {unknown}
 j - a potion of heal wounds {unknown}
 k - a potion of brilliance
 l - 2 potions of might {unknown}
 p - 2 potions of curing
 r - a potion of resistance {unknown}
Comestibles
 c - 10 rations
 w - 5 chunks of flesh


   Skills:
 + Level 5.2 Fighting
 * Level 6.2 Long Blades
 + Level 4.3 Armour
 + Level 4.3 Dodging


You had 7 spell levels left.
You didn't know any spells.
Your spell library was empty.

Dungeon Overview and Level Annotations

Branches:
Dungeon (6/15)             Temple (1/1) D:5

Altars:
Cheibriados
Elyvilon
Fedhas
Hepliaklqana
Kikubaaqudgha
Makhleb
Qazlal
Sif Muna
Xom
Yredelemnul
Zin
The Shining One

Shops:
D:5 ?


Innate Abilities, Weirdness & Mutations

You have a pair of small antennae on your head.
You have a somewhat thin skeletal structure. (Dex +2, Stealth)
Your flesh is cold resistant. (rC+)
You are mostly covered in sharp spines.


Message History

* * * LOW HITPOINT WARNING * * *
The orc is struck by your spines. The orc closely misses you.
You riposte.
Your ring mail prevents you from hitting the orc.
The orc is moderately wounded.
The iguana barely misses you.
You riposte.
You slash the iguana!
You kill the iguana!
Trog accepts your kill. The orc is struck by your spines.
The orc closely misses you.
The orc wizard gestures at you while chanting.
You resist with some effort.
You slash the orc!
You kill the orc!
Trog accepts your kill. The orc hits you but does no damage. x2
Your ring mail prevents you from hitting the orc wizard.
The orc misses you.
You riposte.
You barely miss the orc.
The orc is severely wounded.
The orc wizard gestures at you while chanting.
The puff of flame hits you. You resist.
You die...

....... .......
....... ....%..
....... .......
##############o......
#............@o......
#.###################
#.# #.# #. #.# .. #.#
####.# .# #.# #...
... ##.######.###...#
#.....รท).).......


You could see an orc wizard and an orc.

Vanquished Creatures
  3 ogres
  An orc warrior (D:6)
  2 centaurs
  2 hounds (D:4)
  3 jellies
  3 orc priests
  An iron imp (D:5)
  2 centaur skeletons
  An iguana (D:6)
  4 orc wizards
  A worker ant (D:4)
  2 killer bee zombies
  3 adders
  4 oozes
  3 worms
  2 dart slugs (D:1)
  A leopard gecko (D:3)
  12 orcs
  9 bats
  3 giant cockroaches
  5 hobgoblins
  6 jackals
  10 kobolds
  4 quokkas
  A ball python (D:3)
  3 goblins
  A quokka skeleton (D:5)
  6 rats
  4 toadstools (D:1)
102 creatures vanquished.

Notes
Turn   | Place    | Note
-------+----------+-------------------------------------------
     0 | D:1      | KlarStein the Demonspawn Berserker began the quest for the
                  | Orb.
     0 | D:1      | Reached XP level 1. HP: 18/18 MP: 1/1
   166 | D:1      | Gained mutation: You are partially covered in sharp spines.
                  | [demonic ancestry]
   166 | D:1      | Reached XP level 2. HP: 22/24 MP: 2/2
   286 | D:1      | Reached skill level 3 in Long Blades
   771 | D:2      | Found a faded altar of an unknown god.
   813 | D:2      | Reached XP level 3. HP: 21/29 MP: 3/3
  1274 | D:2      | Reached ** piety under Trog
  1413 | D:2      | Gained mutation: You are mostly covered in sharp spines.
                  | [demonic ancestry]
  1413 | D:2      | Reached XP level 4. HP: 35/35 MP: 4/4
  1790 | D:3      | Found a basalt altar of Yredelemnul.
  2108 | D:4      | Noticed an ogre
  2117 | D:4      | Killed an ogre
  2117 | D:4      | Reached skill level 4 in Long Blades
  2117 | D:4      | Gained mutation: You have a somewhat thin skeletal
                  | structure. (Dex +2, Stealth) [demonic ancestry]
  2117 | D:4      | Reached XP level 5. HP: 32/42 MP: 5/5
  2341 | D:4      | Noticed an ogre
  2347 | D:4      | HP: 2/42 [ogre/+0 giant club (17)]
  2350 | D:4      | Killed an ogre
  2350 | D:4      | Reached XP level 6. HP: 3/48 MP: 6/6
  3371 | D:5      | Entered Level 5 of the Dungeon
  3385 | D:5      | Found a staircase to the Ecumenical Temple.
  3408 | Temple   | Entered the Ecumenical Temple
  3647 | D:5      | Reached skill level 5 in Long Blades
  3647 | D:5      | Gained mutation: You have a pair of small antennae on your
                  | head. [demonic ancestry]
  3647 | D:5      | Reached XP level 7. HP: 45/55 MP: 7/7
  3817 | D:5      | Found Uzuwa's Magic Scroll Shop.
  3823 | D:5      | Bought a scroll of enchant weapon for 90 gold pieces
  3943 | D:5      | Found a snail-covered altar of Cheibriados.
  4197 | D:5      | Reached *** piety under Trog
  4338 | D:6      | Reached skill level 5 in Fighting
  4380 | D:6      | Reached skill level 6 in Long Blades
  4380 | D:6      | Gained mutation: Your flesh is cold resistant. (rC+)
                  | [demonic ancestry]
  4380 | D:6      | Reached XP level 8. HP: 26/62 MP: 8/8
  4388 | D:6      | HP: 2/62 [iguana (2)]
  4390 | D:6      | Killed from afar by an orc wizard

Levels and vault maps discovered:
D:1:      ldierk_water_garden, layout_basic, minmay_cupped
D:2:      layout_basic, chequers_ecumenical_altar_simple_redux
D:3:      layout_loops_ring, old_standard_altar
D:4:      layout_loops_corners, minivault_23, chequers_serial_rivers_marsh
D:5:      layout_cave_pods, slow_altar_2, minmay_temple_entry_junction,
          serial_shops, shop, first_ration
D:6:      layout_basic, overflow_temple_1_default
Temple:   zaba_magenta_temple

Skill      XL: |  1  2  3  4  5  6  7 |
---------------+----------------------+-----
Dodging        | 2 3 4 |  4.3
Long Blades    | 3 4 5 6 |  6.2
Armour         | 2 3 4 |  4.3
Fighting       | 4 5 |  5.2

Action                   |  1- 3 |  4- 6 |  7- 9 || total
-------------------------+-------+-------+-------++-------
Melee: Falchion          |    92 |     8 |       ||   100
       Great sword       |       |    44 |    56 ||   100
Invok: Berserk           |       |     2 |     2 ||     4
  Use: Scroll            |       |    12 |     3 ||    15
 Stab: Sleeping          |       |     1 |     1 ||     2
  Eat: Chunk             |     2 |     7 |     5 ||    14
Armor: Leather armour    |    19 |     6 |       ||    25
       Animal skin       |     2 |       |       ||     2
       Ring mail         |       |     4 |    22 ||    26
Dodge: Dodged            |    63 |    51 |    35 ||   149
       Rpst.: Falchion   |    25 |     3 |       ||    28
       Great sword       |       |    21 |    14 ||    35
